AoeStats
← [NICE_ASS] BigMasi

Highland

506909838Analyzed
3v3 RM · 16d ago on Sep 15, 2026· 56m 44s· 6 players
Game mode
Random Map
Map size
Normal (6 player)
Population
200
Speed
Normal
Resources
Standard
Victory
Conquest
Starting age
Dark Age
Ending age
Imperial Age
RankedLock teamsTeams togetherTeam positionsShared explorationLock speedFull tech treeHidden civsTurbo modeCheats
Victory
Defeat
🇨🇭 Malians · Switzerland
1257
+13
🇨🇭 Goths · Switzerland
1162
+17
🇨🇭 Armenians · Switzerland
1115
+18
🇩🇪 Franks · Germany
1184
-16
🇩🇪 Georgians · Germany
1184
-16
🇩🇪 Gurjaras · Germany
1182
-16
hanibalX
5:12 Loom
12:34 Feudal Age
13:02 Double-Bit Axe
15:29 Gold Mining
18:08 Castle Age
17:02 Horse Collar
17:37 Forging
17:29 Scale Mail Armor
17:50 Fletching
17:59 Stone Mining
21:53 Town Watch
22:34 Fervor
22:45 Sanctity
23:46 Bow Saw
24:25 Heavy Plow
27:16 Wheelbarrow
27:08 Bodkin Arrow
27:58 Padded Archer Armor
29:05 Pikeman
30:57 Hand Cart
35:51 Imperial Age
37:37 Block Printing
42:40 Gold Shaft Mining
43:47 Theocracy
45:52 Demolition Ship
46:36 Town Patrol
47:53 Redemption
48:40 Conscription
48:31 Fereters
49:09 Man-at-Arms
49:34 Gambesons
49:50 Squires
49:35 Arson
50:37 Long Swordsman
52:34 Iron Casting
52:15 Chain Mail Armor
51:22 Two-Handed Swordsman
52:35 Caravan
52:28 Elite Composite Bowman
53:24 Bloodlines
52:39 Champion
54:55 Blast Furnace
55:23 Leather Archer Armor
55:09 Bracer
55:43 Plate Mail Armor
56:32 Ballistics
57:13 Chemistry
56:43 Bloodlines
57:14 Hoardings
juffie
5:15 Loom
11:28 Feudal Age
13:01 Double-Bit Axe
13:06 Horse Collar
17:54 Castle Age
19:05 Bow Saw
20:51 Wheelbarrow
20:30 Heavy Plow
21:19 Town Watch
21:53 Hand Cart
28:30 Gold Mining
28:35 Stone Mining
28:36 Pikeman
29:18 Squires
29:20 Scale Mail Armor
33:57 Imperial Age
31:49 Pikeman
32:30 Squires
32:32 Scale Mail Armor
33:19 Forging
33:29 Chain Mail Armor
33:25 Fletching
35:09 Iron Casting
34:30 Bodkin Arrow
34:07 Halberdier
35:19 Ballistics
37:18 Blast Furnace
36:56 Perfusion
38:35 Bracer
38:58 Conscription
39:34 Crop Rotation
40:06 Two-Man Saw
39:36 Elite Huskarl
43:27 Anarchy
49:34 Coinage
53:03 Chemistry
52:17 Masonry
52:04 Murder Holes
56:56 Caravan
[NICE_ASS] BigMasi
9:34 Loom
12:07 Feudal Age
16:19 Castle Age
14:30 Double-Bit Axe
14:27 Horse Collar
17:35 Bow Saw
20:20 Wheelbarrow
25:02 Town Watch
27:02 Gold Mining
28:13 Hand Cart
29:34 Arson
31:11 Scale Mail Armor
31:22 Forging
31:37 Heavy Plow
34:23 Imperial Age
32:30 Bloodlines
33:00 Chain Mail Armor
33:00 Squires
32:43 Man-at-Arms
33:09 Arson
33:31 Stone Mining
33:22 Long Swordsman
35:04 Iron Casting
34:37 Capped Ram
35:43 Conscription
35:57 Plate Mail Armor
34:58 Two-Handed Swordsman
36:03 Treadmill Crane
36:33 Masonry
37:24 Tigui
37:04 Champion
39:52 Fletching
40:20 Onager
43:03 Chemistry
41:47 Pikeman
43:25 Siege Onager
45:02 Light Cavalry
45:53 Bloodlines
45:43 Husbandry
45:48 Farimba
46:21 Scale Barding Armor
47:21 Chain Barding Armor
48:03 Padded Archer Armor
48:38 Plate Barding Armor
49:26 Elite Gbeto
51:41 Heavy Camel Rider
54:30 Caravan
55:46 Siege Onager
foessie
10:51 Feudal Age
14:03 Loom
17:11 Castle Age
16:42 Double-Bit Axe
19:35 Horse Collar
21:10 Bow Saw
24:03 Fletching
24:14 Padded Archer Armor
24:27 Heavy Plow
25:51 Bodkin Arrow
26:12 Leather Archer Armor
27:25 Gold Mining
27:46 Kshatriyas
30:51 Ballistics
32:44 Devotion
34:00 Thumb Ring
33:49 Light Cavalry
35:48 Bloodlines
36:29 Husbandry
38:21 Scale Barding Armor
42:05 Imperial Age
42:51 Elite Elephant Archer
51:33 Wheelbarrow
Kavallex
5:03 Loom
12:23 Feudal Age
16:43 Castle Age
14:51 Double-Bit Axe
26:02 Scale Barding Armor
25:45 Light Cavalry
27:07 Bow Saw
28:58 Chain Barding Armor
29:36 Forging
31:47 Devotion
32:32 Iron Casting
39:11 Imperial Age
37:17 Wheelbarrow
40:21 Scale Mail Armor
41:22 Blast Furnace
40:57 Gold Mining
41:32 Chain Mail Armor
41:43 Elite Throwing Axeman
42:05 Elite Throwing Axeman
43:21 Plate Mail Armor
43:50 Conscription
44:35 #83
45:18 Hand Cart
46:27 Arson
48:02 Hoardings
55:56 Gold Shaft Mining
PeterAndi
7:29 Loom
10:36 Feudal Age
13:03 Double-Bit Axe
13:56 Horse Collar
20:31 Castle Age
20:44 Scale Barding Armor
20:49 Forging
21:16 Wheelbarrow
20:27 Town Watch
22:14 Chain Barding Armor
22:00 Pikeman
22:41 Squires
22:42 Scale Mail Armor
23:25 Bow Saw
29:54 Masonry
29:25 Treadmill Crane
32:07 Hand Cart
31:52 Town Patrol
36:18 Imperial Age
35:15 Ballistics
34:51 Murder Holes
35:07 Fortified Wall
35:38 Gold Mining
35:38 Stone Mining
36:53 Iron Casting
36:23 Husbandry
37:03 Siege Engineers
37:22 Heavy Scorpion
39:16 Chemistry
40:54 Cavalier
40:57 Light Cavalry
41:48 Bloodlines
44:18 Fletching
46:42 Man-at-Arms
49:20 Chain Mail Armor
50:05 Blast Furnace
48:53 Gambesons
50:59 Bodkin Arrow
51:30 Long Swordsman
53:30 Arson
53:15 Two-Handed Swordsman
54:27 Plate Mail Armor
54:24 Halberdier
55:28 Champion
Connection lost

Rejoining the realm…

Still unreachable

The connection could not be restored.

Session expired

The server has moved on; the page needs a fresh start.